 Dungeon Sprint DCSS version 0.30-a0-852-g08b95dd62f (webtiles) character file.

Game seed: 5845146873069340135

565 dialectric the Protected (level 7, -1/51 HPs)
             Began as a Gargoyle Fighter on Mar 4, 2023.
             Was an Initiate of Trog.
             Slain by a tentacle (15 damage)
             ... attached to a kraken
             ... in the Dungeon (Sprint II: "The Violet Keep of Menkaure").
             The game lasted 00:01:09 (137 turns).

dialectric the Protected (Gargoyle Fighter)          Turns: 137, Time: 00:01:10

Health: -1/51      AC: 13    Str: 19    XL:     7   Next: 32%
Magic:  7/7        EV: 11    Int:  9    God:    Trog [......]
Gold:   243        SH:  0    Dex: 11    Spells: 6/6 levels left

rFire   . . .      SeeInvis .    a - +0 long sword
rCold   . . .      Faith    .    (no shield)
rNeg    + . .      Spirit   .    b - +0 scale mail
rPois   ∞          Reflect  .    (no helmet)
rElec   +          Rampage  .    (no cloak)
rCorr   .          NoTele   +    (no gloves)
Will    .....                    (no boots) Stlth
                                 (no amulet)
HPRegen 0.28/turn                (no ring)
MPRegen 0.10/turn                (no ring)

@: no status effects
A: sickness immunity, AC +4, negative energy resistance 1, electricity
resistance, torment resistance 1, petrification resistance
a: Renounce Religion


You were in the Dungeon.
You worshipped Trog.
Trog was noncommittal.
You visited 1 branch You collected 243 gold pieces.

Inventory:

Hand Weapons
 a - a +0 long sword (weapon)
Armour
 b - a +0 scale mail (worn)
 c - a +0 buckler
Potions
 g - a potion of haste
 h - 2 potions of magic
 i - a potion of berserk rage


   Skills:
 + Level 9.3 Fighting
 * Level 8.5 Long Blades
 + Level 9.3 Armour
 - Level 4.3 Dodging
 - Level 3.2 Shields


You had 6 spell levels left.
You didn't know any spells.
Your spell library was empty.

Dungeon Overview and Level Annotations

Branches:
Dungeon (1/1)

Altars:
Cheibriados
Dithmenos
Elyvilon
Fedhas
Gozag
Hepliaklqana
Kikubaaqudgha
Makhleb
Nemelex Xobeh
Okawaru
Qazlal
Ru
Sif Muna
Trog
Uskayaw
Vehumet
Wu Jian
Xom
Yredelemnul
Zin
The Shining One
Jiyva
Lugonu


Innate Abilities, Weirdness & Mutations

You are immune to sickness and miasma.
Your stone body is resilient. (AC +4)
You are immune to poison.
You resist negative energy. (rN+)
You are resistant to electric shocks. (rElec)
You are resistant to unholy torment.
You are immune to petrification.


Message History

There is a hide-covered altar of Uskayaw here.
The flying skull gives a hideous shriek!
You hear a hideous shriek! x3
There is a bloodstained altar of Trog here.
You kneel at the altar of Trog.
Trog welcomes you!
There is a hide-covered altar of Uskayaw here.
There is a sparkling altar of Nemelex Xobeh here.
There is an open door here.
You enter the shallow water.
Moving in this stuff is going to be slow.
Found four items.
Found nine items.
The water moccasin hisses angrily.
Found five items.
Found six items.
Okay, then.
The water moccasin hisses angrily.
Blink to where?
Press: ? - help, Dir - move target Splash!
A kraken comes into view.
As you read the scroll of blinking, it crumbles to dust.
You open the door.
Found five items.
Tentacles burst out of the water! 4 tentacles come into view.
There is an open door here.
Found seven items.
The tentacle slaps you!
* * * LOW HITPOINT WARNING * * *
You see here 7 gold pieces.
There's a creature in the doorway!
Found a pair of runed gloves, a glowing hand axe and a runed rapier.
The tentacle slaps you but does no damage.
You see here a scroll labelled SAAPUPN KYASO.
Unknown command.
The tentacle barely misses you.
You see here a scroll labelled YLUNNYMUOS.
The walls and floor vibrate strangely for a moment.
The tentacle slaps you!
You die...

#)}▓$$!?($??▓▓
#)"▓!)[$$$($▓▓ ### +.###
[[▓)($!?[$!▓▓ ..# ...#
#▓$)($?$)!▓▓ ..## #..#
#▓!![?$)!?▓▓ #..# +^.#
#▓!(!?$))[▓▓ #..# #..#
#▓[[(w─[$[▓▓
'..####..####▓?[@??\$(▓▓
#....###^..##▓▓▓▓▓▓▓\▓▓▓▓+▓
#...†..~~~~~~~~~~~~~.──Xw≈▓
~~.....~#'########+###.ww≈▓
~~~~~..§#_._.....#S~~##≈≈≈▓
~~~~~~.~#._._....#~~≈≈####▓
§≈≈~§~~~#_._._...#~~~~≈
~§≈≈≈~~~#._._._..#§~~≈§
≈≈≈≈≈§≈~#_._._._.#§§~~~


You could see a kraken, 2 tentacles and a water moccasin.

Vanquished Creatures
  A water moccasin (D)
  4 necrophages (D)
  4 scorpions (D)
9 creatures vanquished.

Vanquished Creatures (others)
  Menkaure (D)
1 creature vanquished.

Grand Total: 10 creatures vanquished

Notes
Turn   | Place    | Note
-------+----------+-------------------------------------------
     0 | D        | dialectric the Gargoyle Fighter began the quest for the
                  | Orb.
     0 | D        | Reached XP level 1. HP: 14/14 MP: 1/1
     8 | D        | Noticed a necrophage
     8 | D        | Noticed a necrophage
     8 | D        | Noticed a necrophage
     8 | D        | Noticed a necrophage
    20 | D        | Killed a necrophage
    21 | D        | Reached skill level 5 in Fighting
    21 | D        | Reached skill level 5 in Armour
    21 | D        | Reached XP level 2. HP: 8/21 MP: 2/2
    21 | D        | Reached XP level 3. HP: 9/26 MP: 3/3
    21 | D        | Reached XP level 4. HP: 11/31 MP: 4/4
    29 | D        | Killed a necrophage
    30 | D        | Reached XP level 5. HP: 24/37 MP: 5/5
    41 | D        | Reached skill level 5 in Long Blades
    41 | D        | Reached XP level 6. HP: 22/44 MP: 6/6
    83 | D        | Reached XP level 7. HP: 23/51 MP: 7/7
    86 | D        | Noticed Menkaure
    89 | D        | Found an iron altar of Okawaru.
    89 | D        | Found a radiant altar of Vehumet.
    89 | D        | Found a glowing silver altar of Zin.
    92 | D        | Found a sparkling altar of Nemelex Xobeh.
    92 | D        | Found a hide-covered altar of Uskayaw.
    92 | D        | Found a basalt altar of Yredelemnul.
    94 | D        | Killed Menkaure
   107 | D        | Found an opulent altar of Gozag.
   107 | D        | Found a burning altar of Makhleb.
   107 | D        | Found a bloodstained altar of Trog.
   108 | D        | Found a blossoming altar of Fedhas.
   108 | D        | Found a corrupted altar of Lugonu.
   108 | D        | Found a shimmering blue altar of Sif Muna.
   109 | D        | Found a white marble altar of Elyvilon.
   109 | D        | Found an ancient bone altar of Kikubaaqudgha.
   110 | D        | Found a shadowy altar of Dithmenos.
   110 | D        | Found a viscous altar of Jiyva.
   111 | D        | Found a snail-covered altar of Cheibriados.
   113 | D        | Found a shimmering altar of Xom.
   113 | D        | Found a sacrificial altar of Ru.
   113 | D        | Found a hazy altar of Hepliaklqana.
   114 | D        | Found a glowing golden altar of the Shining One.
   114 | D        | Found an ornate altar of the Wu Jian Council.
   114 | D        | Found a stormy altar of Qazlal.
   117 | D        | Noticed a flying skull
   117 | D        | Noticed a flying skull
   118 | D        | Noticed a flying skull
   118 | D        | Noticed a flying skull
   118 | D        | Noticed a flying skull
   119 | D        | Became a worshipper of Trog the Wrathful
   131 | D        | Noticed a kraken
   137 | D        | Slain by a tentacle

Illustrated notes

Levels and vault maps discovered:
D:        the_violet_keep_of_menkaure [sprint2_stairs_cluster_1,
          sprint2_shoproom, sprint2_temple, sprint2_basic_supplies,
          sprint2_obstacle_6, sprint2_obstacle_1, sprint2_obstacle_5,
          sprint2_obstacle_4, sprint2_obstacle_3, sprint2_timed_cluster_1,
          sprint2_smallroom_cluster_1, sprint2_smallroom_final_cluster_1,
          sprint2_transparent_cluster_1, sprint2_second_timed_cluster_1,
          sprint2_sniper_area_1, sprint2_heavy_combat_area_1,
          sprint2_mutation_trap_area_1, sprint2_forest_area_1,
          sprint2_light_combat_area_1, sprint2_behind_water_1,
          sprint2_near_end_vault_1]

Skill      XL: |  1  2  3  4  5  6  7 |
---------------+----------------------+-----
Fighting       | 5 6 7 9 |  9.3
Long Blades    | 3 5 7 8 |  8.5
Armour         | 5 6 7 9 |  9.3
Dodging        | 2 3 4 |  4.3
Shields        | |  3.2

Action                     |  1- 3 |  4- 6 |  7- 9 || total
---------------------------+-------+-------+-------++-------
  Melee: Long sword        |    11 |    54 |    14 ||    79
    Use: Potion            |     1 |     1 |     1 ||     3
         Scroll            |       |       |     1 ||     1
 Armour: Scale mail        |     5 |    26 |     4 ||    35
  Dodge: Dodged            |     4 |    25 |    11 ||    40

Table legend: (Time is in decaauts)
 A = Elapsed time spent in this place.
 B = Non-inter-level travel time spent in this place.
 C = Inter-level travel time spent in this place.
 D = Time resting spent in this place.
 E = Time spent auto-exploring this place.
 F = Levels seen in this place.
 G = Mean time per level.
                   A        B        C        D        E       F      G
               +--------+--------+--------+--------+--------+-----+--------+
         Total |    151 |    151 |      0 |      0 |      0 |   1 |  151.0 |
       Dungeon |    151 |    151 |      0 |      0 |      0 |   1 |  151.0 |
               +--------+--------+--------+--------+--------+-----+--------+

Top non-repeatable levels by time:
       D: 151 daAuts
